 Dungeon Crawl Stone Soup version 0.23.2-1-ga50397a (webtiles) character file.

Game seed: 2033004482532595505

1619 goulibeur the Skirmisher (level 8, -10/71 HPs)
             Began as a Grey Draconian Berserker on May 19, 2019.
             Was an Elder of Trog.
             Mangled by a yak (15 damage)
             ... on level 6 of the Dungeon on May 20, 2019.
             The game lasted 00:25:02 (5503 turns).

goulibeur the Skirmisher (Grey Draconian Berserker) Turns: 5503, Time: 00:25:03

Health: -10/71     AC: 12    Str: 21    XL:     8   Next: 64%
Magic:  8/8        EV: 14    Int:  7    God:    Trog [****..]
Gold:   340        SH:  0    Dex: 12    Spells: 7/7 levels left

rFire    . . .     SeeInvis .   o - +4 flail (drain)
rCold    . . .     Gourm    .   (no shield)
rNeg     . . .     Faith    .   (armour unavailable)
rPois    .         Spirit   .   (helmet restricted)
rElec    .         Reflect  .   w - +0 cloak
rCorr    +         Harm     .   (no gloves)
MR       .....                  (no boots)
Stlth    +.........             (no amulet)
HPRegen  0.21/turn              s - ring of resist corrosion
MPRegen  0.11/turn              (no ring)

@: berserk cooldown, slowed, very slow
A: walk through water, unfitting armour, unbreathing, cold-blooded, AC +11
a: Berserk, Trog's Hand, Brothers in Arms, Renounce Religion


You were on level 6 of the Dungeon.
You worshipped Trog.
Trog was greatly pleased with you.
You were near starving.

You visited 1 branch of the dungeon, and saw 6 of its levels.

You collected 340 gold pieces.

Inventory:

Hand Weapons
 a - a +0 falchion
 o - a +4 flail of draining (weapon)
 v - a +4 quarterstaff of chaos
 y - a +2 falchion of flaming
Armour
 n - a +0 cloak
 w - a +0 cloak (worn)
Jewellery
 s - a ring of resist corrosion (left hand)
Wands
 p - a wand of disintegration (7)
Scrolls
 c - 2 scrolls of enchant armour {unknown}
 d - a scroll of fear {unknown}
 f - 3 scrolls of blinking {unknown}
 h - a scroll of immolation {unknown}
 l - 5 scrolls of teleportation {unknown}
 r - a scroll of amnesia {unknown}
 u - a scroll of remove curse {unknown}
Potions
 e - a potion of magic {unknown}
 g - 4 potions of agility
 i - a potion of cancellation
 j - a potion of degeneration
 k - a potion of curing {unknown}
 m - 2 potions of lignification {unknown}
 q - 2 potions of mutation {unknown}
 t - 2 potions of resistance {unknown}
Comestibles
 b - 8 rations
 x - 2 chunks of flesh


   Skills:
 + Level 6.8 Fighting
 + Level 6.2 Long Blades
 * Level 5.3 Maces & Flails
 + Level 5.6 Dodging


You had 7 spell levels left.
You didn't know any spells.
Your spell library was empty.

Dungeon Overview and Level Annotations

Branches:
Dungeon (6/15)
 Temple: D:4-7

Altars:
Hepliaklqana


Innate Abilities, Weirdness & Mutations

You can walk through water.
Your dull iron-grey scales are very hard. (AC +11)
You cannot fit into any form of body armour.
You can survive without breathing.
You are cold-blooded and may be slowed by cold attacks.


Message History

The yak gores you but does no damage.
You feel a strong urge to attack something.
You are no longer berserk.
You are exhausted.
You feel yourself slow down. The yak closely misses you. x2
You sock the yak! You drain the yak. You tail-slap the yak.
You kill the yak!
Trog accepts your kill. The yak gores you! The yak closely misses you.
The yak barely misses you.
The yak seems less drained.
You see here a yak corpse.
You hit the yak but do no damage.
The yak is heavily wounded.
The yak gores you. The yak gores you!
* * * LOW HITPOINT WARNING * * *
The yak gores you!
* * * LOW HITPOINT WARNING * * *
The yak barely misses you. The yak gores you!
You die...

#..# .# #. .. ..#.# #.<#
..# .##. ....#
#.........###.#.###....
#o.#..#.........#....# #
####..# ###... ......#.##
#)...##....###........#
#.#..............##..#
+......##.....<.....#
+.............@.....####
#.............Y........#
#.............Y†###....#
##...............†......#
#............##..##.....#
#..>..?..(...####..#......#
##.........### .....$....#
>......!...# ............
............. ##.........$.


You could see 2 yaks.

Vanquished Creatures
  4 yaks (D:6)
  Edmund (D:4)
  A phantom (D:4)
  An ogre (D:4)
  2 scorpions (D:4)
  A quasit (D:5)
  Crazy Yiuf (D:4)
  A centaur skeleton (D:4)
  An orc priest (D:4)
  A hound (D:4)
  Ijyb (D:3)
  2 orc wizards
  A worker ant (D:4)
  A worker ant zombie (D:5)
  15 gnolls
  13 adders
  An adder skeleton (D:5)
  2 worms
  3 dart slugs (D:1)
  3 leopard geckos
  5 orcs
  9 giant cockroaches
  9 goblins
  4 hobgoblins
  19 jackals
  11 kobolds
  2 quokkas
  7 bats
  9 frilled lizards
  A leopard gecko skeleton (D:4)
  A quokka skeleton (D:5)
  5 rats
138 creatures vanquished.

Notes
Turn   | Place    | Note
-------+----------+-------------------------------------------
     0 | D:1      | goulibeur the Draconian Berserker began the quest for the
                  | Orb.
     0 | D:1      | Reached XP level 1. HP: 19/19 MP: 1/1
    16 | D:1      | Reached XP level 2. HP: 24/26 MP: 2/2
   605 | D:1      | Reached XP level 3. HP: 33/33 MP: 3/3
  1126 | D:1      | Reached ** piety under Trog
  1291 | D:2      | HP: 1/33 [gnoll/+0 whip (2)]
  1296 | D:1      | Reached XP level 4. HP: 2/40 MP: 4/4
  1296 | D:1      | HP: 1/40 [gnoll (1)]
  2372 | D:3      | Noticed Ijyb
  2389 | D:3      | Killed Ijyb
  2389 | D:3      | Reached XP level 5. HP: 21/47 MP: 5/5
  2877 | D:3      | Reached *** piety under Trog
  3690 | D:4      | Reached skill level 5 in Fighting
  3691 | D:4      | Reached XP level 6. HP: 48/56 MP: 6/6
  3746 | D:4      | Noticed Edmund
  3753 | D:4      | Killed Edmund
  3815 | D:4      | Reached skill level 5 in Long Blades
  3815 | D:4      | Reached skill level 1 in Maces & Flails
  3818 | D:4      | Your scales start taking on a dull iron-grey colour.
  3818 | D:4      | Reached XP level 7. HP: 61/61 MP: 7/7
  3818 | D:4      | Gained mutation: You can survive without breathing. [Grey
                  | Draconian growth]
  3894 | D:4      | Found a runed translucent door.
  3895 | D:4      | Noticed Crazy Yiuf
  4324 | D:4      | Found a hazy altar of Hepliaklqana.
  4448 | D:4      | Killed Crazy Yiuf
  4492 | D:5      | Entered Level 5 of the Dungeon
  4516 | D:5      | Reached skill level 5 in Dodging
  4964 | D:5      | Reached XP level 8. HP: 70/70 MP: 8/8
  4976 | D:5      | Reached **** piety under Trog
  5496 | D:6      | Reached skill level 5 in Maces & Flails
  5503 | D:6      | Mangled by a yak

Skill      XL: |  1  2  3  4  5  6  7  8 |
---------------+-------------------------+-----
Dodging        | 3 4 5 |  5.6
Fighting       | 4 5 6 |  6.8
Long Blades    | 4 5 6 |  6.2
Maces & Flails | 1 3 5 |  5.3

Action                   |  1- 3 |  4- 6 |  7- 9 || total
-------------------------+-------+-------+-------++-------
Melee: Falchion          |   119 |   153 |       ||   272
       Tailslap          |    12 |    26 |    18 ||    56
       Flail             |       |    11 |   149 ||   160
Invok: Berserk           |       |     2 |     3 ||     5
       Trog's Hand       |       |     1 |       ||     1
  Use: Scroll            |     3 |     1 |       ||     4
 Stab: Sleeping          |     1 |     1 |     1 ||     3
  Eat: Chunk             |     1 |     6 |     8 ||    15
       Ration            |       |     1 |       ||     1
Armor: Skin              |    41 |    39 |    67 ||   147
Dodge: Dodged            |    97 |   104 |   137 ||   338
       Rpst.: Falchion   |    24 |    32 |       ||    56
